AoeStats
← F1re

Arabia

510115042Analyzed
1v1 RM · 2d ago on Sep 29, 2026· 50m 38s· 2 players
Game mode
Random Map
Map size
Tiny (2 player)
Population
200
Speed
Normal
Resources
Standard
Victory
Conquest
Starting age
Dark Age
Ending age
Imperial Age
RankedLock teamsTeams togetherTeam positionsShared explorationLock speedFull tech treeHidden civsTurbo modeCheats
Victory
Defeat
🇪🇸 Tatars · Spain
1071
+17
🇮🇸 Inca · Iceland
1084
-17
Antonella
0:26 Loom
5:49 Loom
9:06 Loom
10:52 Feudal Age
13:12 Town Watch
13:17 Double-Bit Axe
14:58 Bloodlines
17:40 Forging
23:43 Castle Age
23:18 Fletching
24:20 Bodkin Arrow
28:27 Bow Saw
30:45 Gold Mining
31:26 Ballistics
31:39 Husbandry
32:54 Padded Archer Armor
36:42 Wheelbarrow
36:50 Town Patrol
39:21 Hand Cart
39:44 Horse Collar
42:14 Gold Shaft Mining
41:29 Stone Mining
45:46 Imperial Age
43:52 Heavy Plow
45:48 Capped Ram
45:51 Onager
47:37 Chemistry
46:43 Siege Engineers
48:52 Bracer
49:08 Leather Archer Armor
49:29 Iron Casting
48:55 Scale Mail Armor
49:00 Scale Barding Armor
49:04 Heavy Cavalry Archer
F1re
1:03 Loom
10:08 Feudal Age
12:21 Champi Runner
14:10 Forging
22:32 Castle Age
22:39 Champi Warrior
24:42 Squires
Connection lost

Rejoining the realm…

Still unreachable

The connection could not be restored.

Session expired

The server has moved on; the page needs a fresh start.